[Event "Belt and Road Women-ch 2020"]
[Site "Xi'an"]
[Date "2020.12.04"]
[Round "5.3"]
[White "Atalik, Ekaterina"]
[Black "Lei, Tingjie"]
[Result "1/2-1/2"]
[ECO "D27"]
[WhiteElo "2430"]
[BlackElo "2505"]
[Annotator "ChessBase"]
[PlyCount "164"]
[EventDate "2020.12.03"]
[EventCountry "CHN"]
[SourceTitle "playchess.com"]
[Source "ChessBase"]
[SourceQuality "1"]
[TimeControl "900+5"]

1. d4 d5 2. c4 dxc4 3. Nf3 Nf6 4. e3 e6 5. Bxc4 c5 6. O-O Nc6 7. Qe2 a6 8. a4 cxd4 9. Rd1 Be7 10. Nxd4 Nxd4 11. Rxd4 Qc7 12. Rd1 b6 13. b3 Bb7 14. Bb2 O-O 15. Nd2 Bd6 16. Nf1 Be5 17. Rac1 Bxb2 18. Qxb2 Qe7 19. Qd4 Nd5 20. e4 e5 21. Qd2 Nf4 22. f3 Rfd8 23. Qe3 Rd6 24. g3 Ng6 25. Qe2 Nf8 26. Ne3 g6 27. Bd5 Bxd5 28. Nxd5 Qd8 29. f4 exf4 30. gxf4 Qh4 31. Rf1 Ne6 32. Rc3 Nc5 33. Qg2 Rad8 34. Rh3 Qxh3 35. Qxh3 Nxe4 36. Ne3 Rd3 37. Qh4 Nd2 38. Rf2 h5 39. Nf1 Ne4 40. Re2 R8d4 41. Qe7 Nc3 42. Qe8+ Kg7 43. Re3 Nd5 44. Rxd3 Rxd3 45. Qe4 Rd1 46. Kf2 b5 47. axb5 axb5 48. Ne3 Nxe3 49. Qxe3 Rd5 50. Qe4 Rf5 51. Qd4+ Kg8 52. Ke3 Kh7 53. b4 Kg8 54. h4 Kh7 55. Ke4 Kg8 56. Qd8+ Kg7 57. Qd7 Kf6 58. Qd4+ Ke7 59. Qb6 Kf8 60. Qd8+ Kg7 61. Qd4+ Kf8 62. Qd7 Kg7 63. Qxf5 gxf5+ 64. Kxf5 Kg8 65. Kg5 Kg7 66. Kxh5 Kf6 67. Kg4 Kg6 68. h5+ Kh6 69. f5 f6 70. Kh4 Kh7 71. Kg3 Kh6 72. Kg4 Kh7 73. Kf4 Kh6 74. Ke4 Kxh5 75. Kd5 Kg4 76. Kc5 Kxf5 77. Kxb5 Kg4 78. Kc6 f5 79. b5 f4 80. b6 f3 81. b7 f2 82. b8=Q f1=Q 1/2-1/2

[Event "Belt and Road Women-ch 2020"]
[Site "Xi'an"]
[Date "2020.12.04"]
[Round "5.4"]
[White "Zhao, Xue"]
[Black "Tan, Zhongyi"]
[Result "1-0"]
[ECO "D37"]
[WhiteElo "2486"]
[BlackElo "2510"]
[Annotator "ChessBase"]
[PlyCount "93"]
[EventDate "2020.12.03"]
[EventCountry "CHN"]
[SourceTitle "playchess.com"]
[Source "ChessBase"]
[SourceQuality "1"]
[TimeControl "900+5"]

1. d4 d5 2. c4 e6 3. Nf3 Nf6 4. Nc3 Be7 5. Bf4 O-O 6. e3 Nbd7 7. cxd5 Nxd5 8. Nxd5 exd5 9. Bd3 c5 10. dxc5 Nxc5 11. O-O Bg4 12. Be2 Bf6 13. h3 Bh5 14. Ne5 Bxe2 15. Qxe2 Qb6 16. Rfd1 Rad8 17. Rac1 Ne6 18. Bg3 d4 19. Ng4 Be7 20. exd4 Rxd4 21. Rxd4 Qxd4 22. Rd1 Qb6 23. Ne3 Bc5 24. Nd5 Qa6 25. Qxa6 bxa6 26. b4 Bd4 27. Ne7+ Kh8 28. Nc6 Bb6 29. Rd7 h5 30. Nxa7 Nd4 31. Rb7 Ne2+ 32. Kh2 Bd4 33. Nc6 Bf6 34. Bd6 Rc8 35. Rb8 Rxb8 36. Nxb8 Bd4 37. Nxa6 Bxf2 38. Nc5 h4 39. b5 Ng3 40. Nd3 Nf1+ 41. Kh1 Bb6 42. Bc5 Ng3+ 43. Kg1 Bc7 44. b6 Bb8 45. a4 Ne4 46. Bd4 Nd2 47. Be5 1-0

[Event "Belt and Road Women-ch 2020"]
[Site "Xi'an"]
[Date "2020.12.05"]
[Round "6.1"]
[White "Abdumalik, Zhansaya"]
[Black "Dzagnidze, Nana"]
[Result "0-1"]
[ECO "B18"]
[WhiteElo "2478"]
[BlackElo "2524"]
[Annotator "ChessBase"]
[PlyCount "78"]
[EventDate "2020.12.03"]
[EventCountry "CHN"]
[SourceTitle "playchess.com"]
[Source "ChessBase"]
[SourceQuality "1"]
[TimeControl "900+5"]

1. e4 c6 2. d4 d5 3. Nd2 dxe4 4. Nxe4 Bf5 5. Ng3 Bg6 6. h4 h6 7. Nh3 e6 8. Nf4 Bh7 9. Be3 Nf6 10. Bd3 Bxd3 11. Qxd3 Qa5+ 12. Bd2 Bb4 13. c3 Be7 14. b4 Qa6 15. c4 Nbd7 16. a4 O-O 17. O-O b6 18. Rfe1 Rfe8 19. b5 Qb7 20. Qf3 Rac8 21. Ngh5 Nxh5 22. Nxh5 Nf6 23. Ng3 Qd7 24. Qd3 c5 25. Bc3 cxd4 26. Bb2 Bc5 27. Re5 Bd6 28. Re2 Bxg3 29. Qxg3 Rxc4 30. Rd1 Qd5 31. Re5 Qd6 32. Bc1 Nd7 33. Bf4 Nxe5 34. Bxe5 Qf8 35. Bd6 Re7 36. Qa3 Rcc7 37. Rxd4 Qd8 38. Qe3 e5 39. Rd5 Re6 0-1

[Event "Belt and Road Women-ch 2020"]
[Site "Xi'an"]
[Date "2020.12.05"]
[Round "7.4"]
[White "Hou, Yifan"]
[Black "Lei, Tingjie"]
[Result "0-1"]
[ECO "C65"]
[WhiteElo "2658"]
[BlackElo "2505"]
[Annotator "RC"]
[PlyCount "198"]
[EventDate "2020.12.03"]
[EventCountry "CHN"]
[SourceTitle "playchess.com"]
[Source "ChessBase"]
[SourceQuality "1"]
[TimeControl "900+5"]

1. e4 e5 2. Nf3 Nc6 3. Bb5 Nf6 4. d3 Bc5 5. c3 O-O 6. O-O d5 7. Nbd2 dxe4 8. dxe4 a5 9. Qe2 Qe7 10. h3 Nb8 11. Re1 Bd7 12. Bd3 Re8 13. Nf1 Nh5 14. Bg5 Qd6 15. Kh2 h6 16. Be3 Nc6 17. Rad1 Bxe3 18. Qxe3 Nf4 19. Bb5 Qe7 20. g3 Ng6 21. Qe2 Qe6 22. Ng1 Rad8 23. Ne3 Nce7 24. Bc4 Qb6 25. Rd2 Be6 26. Red1 Rxd2 27. Rxd2 Bxc4 28. Nxc4 Qc5 29. Nf3 f6 30. Ne3 Nf8 31. Qd3 Ne6 32. Qd7 Kf7 33. Rd5 Qc6 34. Qxc6 Nxc6 35. Nc4 b6 36. a3 Nc5 37. Nxa5 Nxa5 38. b4 Nab7 39. bxc5 Nxc5 40. Nd2 Ra8 41. Nb1 Ke6 42. f3 Nb7 43. Kg2 Nd6 44. Rd2 Nc4 45. Re2 Rd8 46. Kf2 Rd3 47. Re1 h5 48. h4 Kd6 49. Rg1 Ke6 50. Ke2 Rd8 51. Rc1 Ra8 52. Rc2 g5 53. Ra2 gxh4 54. gxh4 f5 55. Kd3 b5 56. Rg2 fxe4+ 57. fxe4 Rf8 58. Rg6+ Kd7 59. Ke2 Rf4 60. Kd3 Rf3+ 61. Kc2 Rf2+ 62. Kd3 Rf1 63. Kc2 Rh1 64. a4 bxa4 65. Ra6 Nb6 66. Nd2 Rxh4 67. c4 Rh2 68. Kd3 Kd6 69. Nf3 Rb2 70. c5+ Kxc5 71. Nxe5 Rb3+ 72. Kc2 Re3 73. Ra5+ Kb4 74. Nc6+ Ka3 75. Rxh5 Rxe4 76. Na7 Ka2 77. Nb5 Rc4+ 78. Nc3+ Ka3 79. Kd3 Kb3 80. Rb5+ Rb4 81. Rc5 a3 82. Rxc7 Rc4 83. Rxc4 Nxc4 84. Kd4 Nd6 85. Kd3 Nc8 86. Kd2 Ne7 87. Ne2 Kb2 88. Nc1 Nd5 89. Nd3+ Kb1 90. Nc1 Nb6 91. Nb3 a2 92. Kc3 Nd5+ 93. Kd4 Kb2 94. Kc4 Ka3 95. Na1 Kb2 96. Nb3 Ne3+ 97. Kb4 Nc2+ 98. Kc4 Nd4 99. Na1 Kxa1 0-1

[Event "Belt and Road Women-ch 2020"]
[Site "Xi'an"]
[Date "2020.12.05"]
[Round "7.5"]
[White "Dzagnidze, Nana"]
[Black "Tan, Zhongyi"]
[Result "0-1"]
[ECO "A17"]
[WhiteElo "2524"]
[BlackElo "2510"]
[Annotator "ChessBase"]
[PlyCount "188"]
[EventDate "2020.12.03"]
[EventCountry "CHN"]
[SourceTitle "playchess.com"]
[Source "ChessBase"]
[SourceQuality "1"]
[TimeControl "900+5"]

1. c4 Nf6 2. Nf3 e6 3. Nc3 d5 4. e3 b6 5. b3 Bb7 6. Bb2 Bd6 7. d4 O-O 8. Qc2 Nbd7 9. cxd5 exd5 10. Bd3 a6 11. O-O Re8 12. a4 Qe7 13. Ne2 Ne4 14. Ng3 g6 15. Bxe4 dxe4 16. Nd2 h5 17. d5 Bxd5 18. Ne2 Be5 19. Rfd1 Bxb2 20. Qxb2 Nc5 21. Nf4 Rad8 22. Qc3 a5 23. Nc4 Bxc4 24. Qxc4 Rxd1+ 25. Rxd1 Rd8 26. Rxd8+ Qxd8 27. h4 Qd1+ 28. Kh2 Qxb3 29. Qd4 Ne6 30. Qxe4 Nxf4 31. Qxf4 b5 32. axb5 Qxb5 33. Qxc7 a4 34. e4 a3 35. Qd8+ Kh7 36. Qf6 Qb3 37. f4 Qe6 38. Qa1 a2 39. f5 gxf5 40. exf5 Qd6+ 41. Kh3 Qd3+ 42. Kh2 Qd6+ 43. Kh3 Qa3+ 44. Kh2 Kg8 45. f6 Qd6+ 46. Kh3 Qd3+ 47. Kh2 Qb1 48. Qe5 Qg6 49. Qb2 Qg4 50. Qxa2 Qxh4+ 51. Kg1 Qxf6 52. Qd5 Qg6 53. Kh2 Kg7 54. Qe5+ Kh7 55. Qf4 Qe6 56. Qf3 Qe5+ 57. Kh1 Kg6 58. Qd3+ f5 59. Qd2 h4 60. Qd8 Kh5 61. Qg8 Qf6 62. Kh2 Qe5+ 63. Kh1 Qf4 64. Qe8+ Kg4 65. Qg8+ Qg5 66. Qc4+ Kg3 67. Qd3+ Kf2 68. Qc2+ Ke1 69. Qb1+ Kd2 70. Qb2+ Kd3 71. Qb3+ Ke2 72. Qc2+ Ke1 73. Qb1+ Kd2 74. Qb2+ Kd3 75. Qb3+ Ke4 76. Qc4+ Ke5 77. Qc3+ Ke6 78. Qc8+ Kf7 79. Qd7+ Kg6 80. Qe8+ Kg7 81. Qd7+ Kh6 82. Qe6+ Kh5 83. Qe8+ Qg6 84. Qe2+ Qg4 85. Qe8+ Kg5 86. Qd8+ Kg6 87. Qd6+ Kh5 88. Qe5 Qe4 89. Qh8+ Kg5 90. Qg7+ Kf4 91. Kh2 Qe5 92. Qg8 Ke3+ 93. Kg1 Qa1+ 94. Kh2 Kf2 0-1

[Event "Belt and Road Women-ch 2020"]
[Site "Xi'an"]
[Date "2020.12.06"]
[Round "8.1"]
[White "Abdumalik, Zhansaya"]
[Black "Tan, Zhongyi"]
[Result "1-0"]
[ECO "C93"]
[WhiteElo "2478"]
[BlackElo "2510"]
[Annotator "ChessBase"]
[PlyCount "139"]
[EventDate "2020.12.03"]
[EventCountry "CHN"]
[SourceTitle "playchess.com"]
[Source "ChessBase"]
[SourceQuality "1"]
[TimeControl "900+5"]

1. e4 e5 2. Nf3 Nc6 3. Bb5 a6 4. Ba4 Nf6 5. O-O Be7 6. Re1 b5 7. Bb3 d6 8. c3 O-O 9. h3 h6 10. d4 Re8 11. Nbd2 Bf8 12. Nf1 Bd7 13. Ng3 Na5 14. Bc2 c5 15. d5 Nc4 16. b3 Nb6 17. Be3 a5 18. a4 bxa4 19. bxa4 Nc4 20. Bc1 Rb8 21. Qe2 Nb6 22. Nf1 Re7 23. Ne3 Qe8 24. Qd1 Bc8 25. Bd3 Bd7 26. Bc2 Bc8 27. Nd2 Ra7 28. Ndc4 Nxc4 29. Nxc4 Qd8 30. Na3 g6 31. Bd3 Nh5 32. Qf3 Qh4 33. Bf1 Kh7 34. Nb5 Rab7 35. g3 Qd8 36. Bd2 Ng7 37. c4 f5 38. Qe3 g5 39. exf5 Nxf5 40. Bd3 Kg8 41. Qf3 Rf7 42. Qg2 Nd4 43. Nxd4 cxd4 44. Rab1 Rxb1 45. Rxb1 Bd7 46. Qe4 Bf5 47. Qe2 Qf6 48. Be1 Qg6 49. Rb3 e4 50. Bb1 d3 51. Qe3 Bxh3 52. Rb8 Kh7 53. Re8 Bf5 54. g4 Bxg4 55. Rxe4 Bf5 56. Bxd3 Qh5 57. Re6 Qg4+ 58. Kf1 Bg7 59. Bxf5+ Rxf5 60. Qe4 Qh3+ 61. Ke2 Be5 62. c5 Kg7 63. cxd6 Bf6 64. d7 Qh5+ 65. f3 Rf4 66. Re7+ Bxe7 67. Qxe7+ Kg6 68. Qe8+ Rf7 69. Qe4+ Rf5 70. d8=Q 1-0

[Event "Belt and Road Women-ch 2020"]
[Site "Xi'an"]
[Date "2020.12.06"]
[Round "8.2"]
[White "Lei, Tingjie"]
[Black "Dzagnidze, Nana"]
[Result "1-0"]
[ECO "B47"]
[WhiteElo "2505"]
[BlackElo "2524"]
[Annotator "ChessBase"]
[PlyCount "81"]
[EventDate "2020.12.03"]
[EventCountry "CHN"]
[SourceTitle "playchess.com"]
[Source "ChessBase"]
[SourceQuality "1"]
[TimeControl "900+5"]

1. e4 c5 2. Nf3 Nc6 3. d4 cxd4 4. Nxd4 e6 5. Nc3 Qc7 6. g3 a6 7. Bg2 Nf6 8. O-O Bb4 9. Nxc6 bxc6 10. Bf4 e5 11. Be3 O-O 12. Na4 Rb8 13. c4 Be7 14. c5 Rb4 15. Qc2 a5 16. Rfd1 Ba6 17. b3 h6 18. Rac1 Ng4 19. Bd2 Rd4 20. h3 Nf6 21. Be3 Rxd1+ 22. Rxd1 Bb5 23. Nb6 d6 24. cxd6 Bxd6 25. a4 Ba6 26. Rc1 Bb4 27. Qxc6 Qxc6 28. Rxc6 Bb7 29. Rc7 Bxe4 30. Bxe4 Nxe4 31. Nc4 f6 32. Ra7 Rb8 33. Nxa5 Bxa5 34. Rxa5 Rxb3 35. Ra8+ Kf7 36. a5 Nxg3 37. a6 Nf5 38. a7 Ra3 39. Bc5 Ra1+ 40. Kh2 Ne7 41. Rb8 1-0

[Event "Belt and Road Women-ch 2020"]
[Site "Xi'an"]
[Date "2020.12.06"]
[Round "8.3"]
[White "Khademalsharieh, Sarasadat"]
[Black "Hou, Yifan"]
[Result "1/2-1/2"]
[ECO "E21"]
[WhiteElo "2494"]
[BlackElo "2658"]
[Annotator "ChessBase"]
[PlyCount "133"]
[EventDate "2020.12.03"]
[EventCountry "CHN"]
[SourceTitle "playchess.com"]
[Source "ChessBase"]
[SourceQuality "1"]
[TimeControl "900+5"]

1. d4 Nf6 2. c4 e6 3. Nc3 Bb4 4. e3 O-O 5. Bd2 b6 6. Nf3 Bb7 7. a3 Bxc3 8. Bxc3 Ne4 9. Rc1 c5 10. Bd3 d6 11. O-O Nd7 12. Qe2 Nxc3 13. Rxc3 Qf6 14. dxc5 Nxc5 15. Bc2 d5 16. Nd2 Rfd8 17. Rc1 d4 18. exd4 Rxd4 19. Nf3 Rf4 20. b4 g6 21. Re3 Bxf3 22. Rxf3 Rxf3 23. Qxf3 Qxf3 24. gxf3 Nd7 25. Ba4 Ne5 26. Rc3 Rc8 27. c5 bxc5 28. f4 Ng4 29. bxc5 Kf8 30. c6 Ke7 31. Rb3 Rc7 32. Kg2 Nf6 33. Kf3 Nd5 34. Rb8 Nc3 35. Rb4 Kd6 36. Kg4 h6 37. h4 h5+ 38. Kg5 Ke7 39. Rc4 Nd5 40. Rc5 Nf6 41. Bc2 Ng4 42. f3 Nf2 43. f5 Nh3+ 44. Kh6 exf5 45. Ba4 Nf4 46. Re5+ Ne6 47. Rd5 Rc8 48. Kh7 Kf6 49. Ra5 g5 50. Bc2 Nd4 51. Bd3 gxh4 52. Rd5 Ne6 53. Rxf5+ Ke7 54. Be4 f6 55. Rxh5 h3 56. Bf5 Rxc6 57. Bxe6 Kxe6 58. Rxh3 Rc3 59. Kg6 Rxa3 60. Rh7 a5 61. Ra7 Rxf3 62. Ra6+ Ke5 63. Rxa5+ Ke4 64. Ra4+ Ke5 65. Ra5+ Ke6 66. Ra6+ Ke5 67. Ra5+ 1/2-1/2

[Event "Belt and Road Women-ch 2020"]
[Site "Xi'an"]
[Date "2020.12.06"]
[Round "8.4"]
[White "Muzychuk, Mariya"]
[Black "Zhao, Xue"]
[Result "1-0"]
[ECO "C13"]
[WhiteElo "2544"]
[BlackElo "2486"]
[Annotator "ChessBase"]
[PlyCount "71"]
[EventDate "2020.12.03"]
[EventCountry "CHN"]
[SourceTitle "playchess.com"]
[Source "ChessBase"]
[SourceQuality "1"]
[TimeControl "900+5"]

1. e4 e6 2. d4 d5 3. Nc3 Nf6 4. Bg5 dxe4 5. Nxe4 Be7 6. Bxf6 gxf6 7. Qd2 a6 8. O-O-O b5 9. Qe3 Bb7 10. f4 Nd7 11. Nf3 Nb6 12. f5 Qd5 13. Nc5 O-O-O 14. Nxb7 Kxb7 15. Kb1 Qxf5 16. Bd3 Qg4 17. h3 Qg3 18. Be4+ Nd5 19. Qb3 Ka7 20. Rhe1 Nb6 21. Ne5 Qxb3 22. Nc6+ Kb7 23. axb3 Kc8 24. Nxe7+ Kd7 25. Nc6 Rdg8 26. Nb4 a5 27. Nd3 h5 28. Nc5+ Kc8 29. Bb7+ Kb8 30. Bc6 Rg5 31. Re2 Rd8 32. Kc1 b4 33. c3 h4 34. Kc2 Rd6 35. Bf3 f5 36. Ra1 1-0

[Event "Belt and Road Women-ch 2020"]
[Site "Xi'an"]
[Date "2020.12.06"]
[Round "8.5"]
[White "Stefanova, Antoaneta"]
[Black "Atalik, Ekaterina"]
[Result "1-0"]
[ECO "D70"]
[WhiteElo "2466"]
[BlackElo "2430"]
[Annotator "ChessBase"]
[PlyCount "95"]
[EventDate "2020.12.03"]
[EventCountry "CHN"]
[SourceTitle "playchess.com"]
[Source "ChessBase"]
[SourceQuality "1"]
[TimeControl "900+5"]

1. d4 Nf6 2. Nf3 g6 3. Nbd2 d5 4. c4 c6 5. e3 Bg7 6. Be2 O-O 7. O-O b6 8. b4 Bb7 9. a4 dxc4 10. Nxc4 Nbd7 11. Ba3 Nd5 12. Qb3 N7f6 13. Rac1 Rc8 14. Nfe5 Ne4 15. Rfd1 f6 16. Nd3 f5 17. f3 Nef6 18. Nce5 Kh8 19. Nf2 Nd7 20. f4 Nxe5 21. dxe5 e6 22. g3 g5 23. Bf3 g4 24. Bg2 Rf7 25. e4 fxe4 26. Nxe4 Rd7 27. Nd6 Rxd6 28. exd6 Qxd6 29. Bb2 Bxb2 30. Qxb2+ Kg8 31. Qe5 Qxe5 32. fxe5 Rf8 33. Rd4 h5 34. h3 gxh3 35. Bxh3 Re8 36. Kh2 Kg7 37. g4 h4 38. g5 Rf8 39. Bxe6 Rf2+ 40. Kg1 Rf4 41. Rxd5 cxd5 42. Rc7+ Kg6 43. Rxb7 Rxb4 44. Rxa7 Kxg5 45. Bxd5 Rd4 46. Bc6 h3 47. e6 Kf6 48. e7 1-0

[Event "Belt and Road Women-ch 2020"]
[Site "Xi'an"]
[Date "2020.12.05"]
[Round "9.1"]
[White "Atalik, Ekaterina"]
[Black "Abdumalik, Zhansaya"]
[Result "1-0"]
[ECO "E61"]
[WhiteElo "2430"]
[BlackElo "2478"]
[Annotator "ChessBase"]
[PlyCount "111"]
[EventDate "2020.12.03"]
[EventCountry "CHN"]
[SourceTitle "playchess.com"]
[Source "ChessBase"]
[SourceQuality "1"]
[TimeControl "900+5"]

1. Nf3 Nf6 2. e3 g6 3. b3 Bg7 4. Bb2 b6 5. d4 Bb7 6. Be2 O-O 7. O-O d6 8. c4 Nbd7 9. Nc3 e6 10. Qc2 Qe7 11. Rad1 a6 12. d5 e5 13. Nd2 Rae8 14. Rde1 h6 15. b4 Nh7 16. Nb3 f5 17. e4 f4 18. Bg4 Ng5 19. Bxd7 Qxd7 20. f3 Nf7 21. c5 Bc8 22. cxb6 cxb6 23. Qf2 b5 24. Na5 g5 25. Nc6 g4 26. a4 gxf3 27. gxf3 Ng5 28. Kh1 Kh7 29. axb5 axb5 30. Ra1 Qf7 31. Nxb5 Qg6 32. Nc7 Bh3 33. Nxe8 Qxe8 34. b5 Bxf1 35. Rxf1 Bf6 36. b6 Rf7 37. Ra1 Qc8 38. Ra7 Kg7 39. Ba3 Rxa7 40. bxa7 Nf7 41. Qg1+ Kh7 42. Qf1 Qb7 43. Bb4 Nd8 44. Nxd8 Bxd8 45. Qa1 Qa8 46. Bxd6 Bb6 47. Bxe5 Qxa7 48. Qxa7+ Bxa7 49. Bxf4 Kg6 50. Kg2 h5 51. Bc7 Kf6 52. f4 Bd4 53. Kf3 Ke7 54. e5 Bc5 55. Ke4 h4 56. h3 1-0

[Event "Belt and Road Women-ch 2020"]
[Site "Xi'an"]
[Date "2020.12.05"]
[Round "9.2"]
[White "Zhao, Xue"]
[Black "Stefanova, Antoaneta"]
[Result "1/2-1/2"]
[ECO "D10"]
[WhiteElo "2486"]
[BlackElo "2466"]
[Annotator "ChessBase"]
[PlyCount "140"]
[EventDate "2020.12.03"]
[EventCountry "CHN"]
[SourceTitle "playchess.com"]
[Source "ChessBase"]
[SourceQuality "1"]
[TimeControl "900+5"]

1. d4 d5 2. c4 c6 3. cxd5 cxd5 4. Nc3 Nf6 5. Bf4 a6 6. e3 Nc6 7. Bd3 Bg4 8. Nge2 e6 9. Rc1 Rc8 10. O-O Be7 11. Na4 Nd7 12. h3 Bh5 13. Qd2 O-O 14. Rc2 b5 15. Rfc1 Bb4 16. Qd1 Na7 17. Rc7 Rxc7 18. Bxc7 Qe7 19. Nb6 Nf6 20. Qc2 Bg6 21. Nf4 Ne8 22. Bxg6 hxg6 23. Nbxd5 exd5 24. Nxd5 Qe6 25. Nxb4 Nxc7 26. Qc5 Ra8 27. d5 Qf5 28. Qe7 Nxd5 29. Qb7 Rd8 30. Rd1 Rd7 31. Qa8+ Kh7 32. Rxd5 Rxd5 33. Nxd5 Nc8 34. Qc6 Qb1+ 35. Kh2 Qxa2 36. e4 Qc4 37. Qxc4 bxc4 38. Kg3 f6 39. Kf4 g5+ 40. Ke3 Kg6 41. Kd4 Nd6 42. Ne3 Kh5 43. Kd5 Nf7 44. Kxc4 Ne5+ 45. Kd4 Ng6 46. b4 Nf4 47. Kc4 Kg6 48. Kd4 Kf7 49. f3 Ke6 50. g4 Nxh3 51. Nd5 Ng1 52. Ke3 Kd6 53. Kf2 Nh3+ 54. Kg3 Ng1 55. Kf2 Nh3+ 56. Ke3 Kc6 57. Nc3 Nf4 58. Kd4 Ne6+ 59. Kc4 Nc7 60. Ne2 Nb5 61. Kd3 Kd6 62. Ng3 g6 63. Ne2 Ke5 64. Kc4 Kd6 65. Nc1 Na7 66. Nd3 Nc6 67. Kc3 Kc7 68. Kc4 Kd6 69. Kc3 Kc7 70. Kc4 Kd6 1/2-1/2

[Event "Belt and Road Women-ch 2020"]
[Site "Xi'an"]
[Date "2020.12.05"]
[Round "9.4"]
[White "Dzagnidze, Nana"]
[Black "Khademalsharieh, Sarasadat"]
[Result "1/2-1/2"]
[ECO "A13"]
[WhiteElo "2524"]
[BlackElo "2494"]
[Annotator "ChessBase"]
[PlyCount "42"]
[EventDate "2020.12.03"]
[EventCountry "CHN"]
[SourceTitle "playchess.com"]
[Source "ChessBase"]
[SourceQuality "1"]
[TimeControl "900+5"]

1. c4 e6 2. Nf3 d5 3. e3 Nf6 4. b3 c5 5. Bb2 Nc6 6. cxd5 exd5 7. Bb5 Bd6 8. O-O O-O 9. d4 cxd4 10. Nxd4 Bc7 11. Nf3 Bg4 12. Nbd2 Ne4 13. Bxc6 Nxd2 14. Qxd2 Bxf3 15. gxf3 Qg5+ 16. Kh1 Qh5 17. f4 Qf3+ 18. Kg1 Qg4+ 19. Kh1 Qf3+ 20. Kg1 Qg4+ 21. Kh1 Qf3+ 1/2-1/2